 Dungeon Crawl Stone Soup version 0.22-a0-803-gd6d8abeff0 (webtiles) character file.

34 Bergy the Poker (level 3, -2/27 HPs)
             Began as a Merfolk Gladiator on July 22, 2018.
             Slain by Terence
             ... wielding a +0 mace
              (3 damage)
             ... on level 2 of the Dungeon.
             The game lasted 00:04:57 (1258 turns).

Bergy the Poker (Merfolk Gladiator)                 Turns: 1258, Time: 00:04:58

Health: -2/27      AC:  5    Str: 15    XL:     3   Next: 31%
Magic:  3/3        EV: 14    Int:  7    God:
Gold:   70         SH:  0    Dex: 15    Spells: 2/2 levels left

rFire    . . .     SeeInvis .   a - +0 trident
rCold    . . .     Gourm    .   (no shield)
rNeg     . . .     Faith    .   b - +0 leather armour
rPois    .         Spirit   .   c - +0 helmet
rElec    .         Reflect  .   (no cloak)
rCorr    .         Harm     .   (no gloves)
MR       .....                  e - +0 pair of boots
Stlth    +.........             (no amulet)
HPRegen  0.09/turn              (no ring)
MPRegen  0.08/turn              (no ring)

@: no status effects
A: change form in water, swift swim, stealthy swim
a: no special abilities


You were on level 2 of the Dungeon.
You were not hungry.

You visited 1 branch of the dungeon, and saw 2 of its levels.

You collected 70 gold pieces.

Inventory:

Hand Weapons
 a - a +0 trident (weapon)
 j - a +2 dagger of holy wrath
Missiles
 d - 3 throwing nets (quivered)
Armour
 b - a +0 leather armour (worn)
 c - a +0 helmet (worn)
 e - a +0 pair of boots (worn)
Scrolls
 g - 3 scrolls of identify {unknown}
 k - a scroll of enchant weapon {unknown}
 l - a scroll of fog {unknown}
 o - a scroll of amnesia {unknown}
 p - a scroll of teleportation {unknown}
Potions
 i - a potion of cancellation {unknown}
 m - a potion of brilliance {unknown}
 n - a potion of haste {unknown}
Comestibles
 f - 2 rations
 h - 8 chunks of flesh


   Skills:
 - Level 2.1 Fighting
 + Level 6.3 Polearms
 - Level 2.0 Throwing
 - Level 4.0 Dodging


You had 2 spell levels left.
You didn't know any spells.
Your spell library was empty.

Dungeon Overview and Level Annotations

Branches:
Dungeon (2/15)

Altars:

Annotations:
D:2 Terence


Message History

Terence closely misses you.
You hit Terence but do no damage.
Terence is moderately wounded.
You hit Terence but do no damage.
Terence is moderately wounded.
Terence closely misses you.
You hit Terence but do no damage.
Terence is moderately wounded.
Terence closely misses you.
You hit Terence but do no damage.
Terence is moderately wounded.
Terence hits you with a mace.
You hit Terence but do no damage.
Terence is moderately wounded.
Terence hits you with a mace!
* * * LOW HITPOINT WARNING * * *
You hit Terence but do no damage.
Terence is moderately wounded.
Terence hits you with a mace.
You die...

#. ##<. #.. #.[.
##..##... .....#.#.##
........# # ..K
..##.#### #@##........
#.@?.=..# #.#.#####
#...# #...# #...# ##.##
#...# #...# #รท..#
##.#.########...#######
#......................


You could see Terence and a kobold.

Vanquished Creatures
  An ooze (D:1)
  3 leopard geckos
  4 goblins
  3 hobgoblins
  2 jackals (D:1)
  5 bats
  5 kobolds
  3 rats
26 creatures vanquished.

Notes
Turn   | Place    | Note
-------+----------+-------------------------------------------
     0 | D:1      | Bergy the Merfolk Gladiator began the quest for the Orb.
     0 | D:1      | Reached XP level 1. HP: 16/16 MP: 1/1
   153 | D:1      | Reached skill level 5 in Polearms
   157 | D:1      | Reached XP level 2. HP: 22/22 MP: 2/2
  1030 | D:1      | Reached skill level 6 in Polearms
  1030 | D:1      | Reached XP level 3. HP: 24/27 MP: 3/3
  1241 | D:2      | Noticed Terence
  1257 | D:2      | HP: 1/27 [Terence/mace (9)]
  1258 | D:2      | Slain by Terence

Vault maps used:
D:1:      scummos_arrival_hexagon
D:2:      minitemple, uniq_terence, uniq_natasha

Skill      XL: |  1  2 |
---------------+-------+-----
Polearms       | 5 6 |  6.3
Fighting       | |  2.1
Throwing       | |  2.0
Dodging        | |  4.0

Action                   || total
-------------------------++-------
Melee: Trident           ||    77
  Eat: Chunk             ||     1
Armor: Leather armour    ||    13
Dodge: Dodged            ||    54

Table legend:
 A = Spawn XP
 B = Non-spawn XP
 C = Spawn XP percentage of total XP
 D = Spawn monster count
 E = Non-spawn monster count
 F = Spawn count percentage of total count
 G = Total turns spent on level
                    A         B        C        D         E        F      G
               +---------+---------+-------+---------+---------+-------+---------
         Total |       0 |      49 |   0.0 |       0 |      26 |   0.0 |  1258
               +---------+---------+-------+---------+---------+-------+---------
           D:1 |       0 |      34 |   0.0 |       0 |      18 |   0.0 |  1093
           D:2 |       0 |      15 |   0.0 |       0 |       8 |   0.0 |   165
               +---------+---------+-------+---------+---------+-------+---------
